 Dungeon Crawl Stone Soup version 0.18-a0-993-g4a3b7c7 (webtiles) character file.

59 filipzpl the Ruffian (level 3, -5/30 HPs)
             Began as a Draconian Transmuter on Jan 4, 2016.
             Killed from afar by Natasha (6 damage)
             ... with a magic dart
             ... on level 3 of the Dungeon.
             The game lasted 00:04:09 (1773 turns).

filipzpl the Ruffian (Draconian Transmuter)         Turns: 1773, Time: 00:04:09

Health: -5/30      AC:  2    Str: 12    XL:     3   Next: 78%
Magic:  0/6        EV: 19    Int: 14    God:
Gold:   121        SH:  0    Dex: 16    Spells: 2 memorised, 2 levels left

rFire  . . .     SeeInvis .       - Unarmed
rCold  . . .     Gourm    .     (armour unavailable)
rNeg   . . .     Faith    .     (shield currently unavailable)
rPois  x         Spirit   .     (helmet currently unavailable)
rElec  .         Dismiss  .     (cloak currently unavailable)
rCorr  .         Reflect  .     (gloves currently unavailable)
SustAt .         Harm     .     (boots currently unavailable)
MR     .....                    (no amulet)
Stlth  +.........               (no ring)
                                (no ring)

@: spider-form (expiring), very slightly contaminated, starving, not resistant
to hostile enchantments, very unstealthy
A: unfitting armour, (cold-blooded), AC +5
a: End Transformation


You were on level 3 of the Dungeon.
You were starving.
You were a venomous arachnid creature.
You visited 1 branch of the dungeon, and saw 3 of its levels.

You collected 121 gold pieces.

Inventory:

Missiles
 a - 12 arrows
Armour
 j - a +0 pair of boots (melded)
Scrolls
 f - a scroll of amnesia
 h - a scroll of fog {unknown}
Potions
 d - a potion of magic
 g - a potion of heal wounds {unknown}
 k - a potion of flight {unknown}
 l - a potion of cancellation {unknown}
 o - a potion of curing {unknown}
Books
 b - a book of Changes

   Spells                             Type                      Level
   a - Beastly Appendage              Transmutation                1
   b - Sticks to Snakes               Transmutation                2
   c - Spider Form                    Transmutation/Poison         3
   d - Ice Form                       Ice/Transmutation            4
   e - Blade Hands                    Transmutation                5
Comestibles
 c - a bread ration
 i - 2 beef jerkies


   Skills:
 - Level 2.7 Fighting
 - Level 1.7 Dodging
 - Level 4.0 Unarmed Combat
 - Level 2.0 Spellcasting
 + Level 2.0 Transmutations
 + Level 0.2 Poison Magic


You had 2 spell levels left.
You knew the following spells:

 Your Spells              Type           Power        Failure   Level  Hunger
a - Beastly Appendage     Trmt           #.....       28%         1    ##.....
b - Spider Form           Trmt/Pois      #.........   69%         3    ####...


Dungeon Overview and Level Annotations

Branches:
Dungeon (3/15)

Altars:
Ru

Annotations:
D:3 Natasha


Innate Abilities, Weirdness & Mutations

((Your plain brown scales are hard (AC +5).))
Your body does not fit into most forms of armour.
((You are cold-blooded and may be slowed by cold attacks.))


Message History

* * * LOW HITPOINT WARNING * * *
Casting: Spider Form
Confirm with . or Enter, or press ? or * to list all spells.
You turn into a venomous arachnid creature.
Your +0 pair of boots melds into your body.
You are starving!
Natasha claws you.
* * * LOW HITPOINT WARNING * * *
You closely miss Natasha.
Natasha is moderately wounded.
Natasha completely misses you.
You hit Natasha.
Natasha is heavily wounded.
Your transformation is almost over.
Natasha barely misses you.
You hit Natasha.
Natasha is poisoned.
Natasha is severely wounded.
Natasha stares at you and mumbles some strange words.
The magic dart hits you!
You die...

####### ###
#.....# ..#
##...## ##.##
##.## .s. #.# #h#
#.# #######s#
##'## #.......#
##...## #.####..#
##.....###.####..#
#.......##.##.)..#
.........#.##...##
.........'.......#
.........#......##
#.......#####..##


You could see Natasha and a giant cockroach.

Vanquished Creatures
  An adder (D:2)
  2 oozes
  A worm (D:2)
  A giant gecko (D:2)
  A giant cockroach (D:1)
  9 goblins
  7 hobgoblins
  A ball python (D:1)
  4 bats
  4 giant newts
  4 kobolds
  3 rats (D:2)
38 creatures vanquished.

Notes
Turn   | Place    | Note
--------------------------------------------------------------
     0 | D:1      | filipzpl the Draconian Transmuter began the quest for the Orb.
     0 | D:1      | Reached XP level 1. HP: 16/16 MP: 3/3
    82 | D:1      | Reached XP level 2. HP: 22/24 MP: 5/5
   544 | D:2      | Reached XP level 3. HP: 29/29 MP: 6/6
   567 | D:2      | Found a sacrificial altar of Ru.
  1127 | D:2      | Reached skill level 4 in Unarmed Combat
  1645 | D:2      | Learned a level 3 spell: Spider Form
  1761 | D:3      | Noticed Natasha
  1770 | D:3      | HP: 1/30 [Natasha (4)]
  1773 | D:3      | Killed from afar by Natasha

Vault maps used:
D:1:      sevenhm_arrival_forest_fort_small_3, serial_bayou_pond_a
D:2:      nicolae_ru_awakened_eye
D:3:      nicolae_overflow_hidden_temple, first_bread, roderic_roman_lattice,
          fedhas_altar_3, uniq_natasha, uniq_iyjb

Action                   || total
-------------------------++-------
Melee: Unarmed           ||   163
 Cast: Spider Form       ||     1
  Use: Scroll            ||     8
  Eat: Chunk             ||     1
